 Dungeon Crawl Stone Soup version 0.24.0-7-gb3623d2c88 (webtiles) character file.

Game seed: 4299486404658909972, levelgen mode: deterministic

27 Aviak the Firebug (level 2, -1/19 HPs)
             Began as a Demonspawn Fire Elementalist on Nov 2, 2019.
             Slain by a worm (12 damage)
             ... on level 2 of the Dungeon.
             The game lasted 00:02:13 (1164 turns).

Aviak the Firebug (Demonspawn Fire Elementalist)    Turns: 1164, Time: 00:02:14

Health: -1/19      AC:  2    Str:  8    XL:     2   Next: 93%
Magic:  5/5        EV: 14    Int: 16    God:
Gold:   88         SH:  0    Dex: 13    Spells: 2/5 levels left

rFire    . . .     SeeInvis .   d - +0 short sword (drain)
rCold    . . .     Gourm    .   (no shield)
rNeg     . . .     Faith    .   a - +0 robe
rPois    .         Spirit   .   (no helmet)
rElec    .         Reflect  .   (no cloak)
rCorr    .         Harm     .   (no gloves)
MR       .....                  (no boots)
Stlth    ++........             (no amulet)
HPRegen  0.06/turn              (no ring)
MPRegen  0.09/turn              (no ring)

@: drained
A: repulsion field 1
a: no special abilities


You were on level 2 of the Dungeon.
You were not hungry.

You visited 1 branch of the dungeon, and saw 2 of its levels.

You collected 88 gold pieces.

Inventory:

Hand Weapons
 b - a +0 whip
 d - a +0 short sword of draining (weapon)
Armour
 a - a +0 robe (worn)
Scrolls
 e - a scroll of identify {unknown}
 g - a scroll of fog {unknown}
 h - a scroll of enchant weapon {unknown}
 l - a scroll of remove curse {unknown}
Potions
 f - a potion of invisibility {unknown}
 i - 2 potions of might {unknown}
 k - a potion of flight {unknown}
Comestibles
 c - 2 rations


   Skills:
 + Level 2.2(1.5) Dodging
 - Level 1.7(1.1) Stealth
 + Level 2.3(1.6) Spellcasting
 + Level 1.6(1.0) Conjurations
 + Level 3.0(2.3) Fire Magic


You had 2 spell levels left.
You knew the following spells:

 Your Spells              Type           Power        Failure   Level  Hunger
a - Flame Tongue          Conj/Fire      #....        11%         1    ##.....
b - Throw Flame           Conj/Fire      #.....       16%         2    ###....

Your spell library contained the following spells:

 Spells                   Type           Power        Failure   Level  Hunger
 Conjure Flame            Conj/Fire      #.......     32%         3    ####...
 Inner Flame              Hex/Fire       #.......     36%         3    ####...
 Sticky Flame             Conj/Fire      #.......     71%         4    #####..
 Fireball                 Conj/Fire      #.........   96%         5    ######.


Dungeon Overview and Level Annotations

Branches:
Dungeon (2/15)

Altars:


Innate Abilities, Weirdness & Mutations

You are surrounded by a mild repulsion field. (EV +2)


Message History

The frilled lizard closely misses you.
You barely miss the frilled lizard. The frilled lizard closely misses you.
A frilled lizard is nearby!
You hit the frilled lizard.
You kill the frilled lizard!
A worm comes into view.
A worm is nearby!
A worm is nearby!
A worm is nearby!
A worm is nearby!
The worm bites you.
A worm is nearby!
You hit the worm.
The worm is lightly wounded.
You completely miss the worm.
The worm is lightly wounded.
The worm bites you.
You barely miss the worm. The worm bites you!
Ouch! That really hurt!
You die...

#..........
#..........
#..(.......
#.#........
#####.#........
#.....+........
###+#+##.##........
............#+#....
.......@.##.# ###
......w..# #
.........+
.........#
.........#
.........#
.........#
.........#


You could see a worm.

Vanquished Creatures
  An ooze (D:1)
  A dart slug (D:1)
  A leopard gecko (D:1)
  A ball python (D:1)
  4 bats (D:1)
  3 hobgoblins (D:1)
  2 kobolds (D:1)
  2 frilled lizards
  4 rats (D:1)
19 creatures vanquished.

Notes
Turn   | Place    | Note
-------+----------+-------------------------------------------
     0 | D:1      | Aviak the Demonspawn Fire Elementalist began the quest for
                  | the Orb.
     0 | D:1      | Reached XP level 1. HP: 13/13 MP: 3/3
   340 | D:1      | Gained mutation: You are surrounded by a mild repulsion
                  | field. (EV +2) [demonic ancestry]
   340 | D:1      | Reached XP level 2. HP: 18/19 MP: 5/5
   453 | D:1      | Learned a level 2 spell: Throw Flame
   776 | D:1      | Reached skill level 3 in Fire Magic
  1164 | D:2      | Slain by a worm

Levels and vault maps discovered:
D:1:      lightli_arrival_chessboard, layout_basic, minmay_liquid_box
D:2:      layout_basic, overflow_temple_1_default

Skill      XL: |  1  2 |
---------------+-------+-----
Dodging        | 2 |  2.2
Fire Magic     | 3 |  3.0
Stealth        | |  1.7
Spellcasting   | |  2.3
Conjurations   | |  1.6

Action                   || total
-------------------------++-------
Melee: Whip              ||    11
       Short sword       ||    31
 Cast: Flame Tongue      ||     6
  Eat: Chunk             ||     1
Armor: Robe              ||    12
Dodge: Dodged            ||    32
